Map: Blackburn LE

Players

TIME (Oliveira) - Winner!

  • Race: Terran Terran

Scarlett

  • Race: Zerg Zerg

Event: DreamHack SC2 Masters 2021 Fall

VOD

Have the link to the VOD?

Description

Time

  • Played on: Sept. 9, 2021, 12:37 p.m.
  • Length: 9:55

All games in this series

Show
View Real Time Build Order
Export as new Build Order

TIME Terran - Winner!

Build Orders: Reaper Expand 

Get SALT Encoding   

  12  0:00  SCV  
  13  0:12  SCV  
  14  0:17  Supply Depot  
  14  0:24  SCV  
  15  0:38  SCV  
  15  0:40  Barracks  
  16  0:43  Refinery  
  16  0:50  SCV  
  17  1:03  SCV  
  18  1:15  SCV  
  19  1:27  Reaper, Orbital Command  
  20  1:39  Command Center  
  20  1:47  Supply Depot  
  20  1:53  SCV  
  21  1:59  Marine  
  22  2:05  SCV  
  23  2:10  Factory  
  23  2:17  SCV  
  23  2:21  Barracks Reactor  
  24  2:29  SCV  
  25  2:41  SCV  
  25  2:43  Command Center  
  26  2:52  Orbital Command  
  26  2:53  SCV  
  27  2:59  Starport  
  27  3:03  Refinery  
  27  3:07  SCV  
  28  3:16  Hellion x2  
  28  3:18  SCV  
  33  3:20  SCV  
  33  3:23  Barracks Tech Lab  
  34  3:30  SCV  
  35  3:34  SCV  
  35  3:37  Viking  
  35  3:39  Hellion  
  35  3:41  Hellion  
  42  3:42  SCV  
  42  3:46  SCV  
  44  3:51  Marine  
  45  3:55  Orbital Command  
  45  3:56  SCV  
  45  3:58  SCV  
  45  4:01  Hellion  
  45  4:02  Hellion  
  51  4:07  Liberator  
  54  4:10  SCV  
  54  4:12  Marine  
  54  4:15  SCV  
  57  4:18  Supply Depot, Stimpack  
  57  4:22  SCV  
  57  4:23  Supply Depot  
  58  4:30  SCV  
  59  4:34  SCV  
  59  4:36  Marine, Barracks  
  61  4:38  Barracks  
  61  4:40  Factory Reactor  
  62  4:45  SCV  
  62  4:48  Refinery, SCV x2  
  62  4:50  Supply Depot  
  62  4:51  Starport Reactor  
  64  4:53  Marine  
  64  4:57  SCV  
  66  5:00  Engineering Bay  
  66  5:01  SCV  
  66  5:02  SCV, Engineering Bay  
  66  5:04  Refinery  
  68  5:09  SCV  
  68  5:11  Marine  
  68  5:13  SCV  
  71  5:14  Supply Depot  
  71  5:22  SCV  
  71  5:23  Marine x2, Factory Tech Lab  
  71  5:25  SCV  
  71  5:26  Orbital Command  
  71  5:27  Medivac x2  
  79  5:29  Terran Infantry Weapons Level 1  
  79  5:33  Marine x2  
  79  5:34  SCV  
  83  5:37  SCV  
  83  5:38  Supply Depot  
  83  5:39  Terran Infantry Armor Level 1  
  83  5:41  Marine x2  
  86  5:46  SCV  
  86  5:47  Marine  
  88  5:50  SCV  
  88  5:51  Marine, Supply Depot, SCV  
  88  5:54  Marine  
  91  5:58  SCV  
  91  5:59  Marine x2  
  91  6:03  Combat Shield  
  94  6:04  Marine  
  94  6:05  SCV x2  
  94  6:08  Marine  
  94  6:10  Siege Tank  
  101  6:12  Marine, SCV  
  101  6:14  Supply Depot  
  101  6:17  Marine, Supply Depot  
  102  6:19  Medivac x2  
  106  6:27  Marine  
  106  6:28  SCV  
  106  6:32  Marine  
  107  6:34  SCV  
  107  6:35  Marine  
  107  6:36  Barracks  
  107  6:37  Barracks  
  106  6:40  Marine  
  106  6:45  Armory  
  106  6:46  SCV, Siege Tank  
  106  6:47  SCV  
  107  6:48  Refinery, Marine  
  107  6:50  Supply Depot  
  107  6:51  Supply Depot  
  107  6:52  Marine  
  107  6:53  SCV  
  107  6:54  Marine x2  
  110  6:56  Medivac  
  110  6:57  Medivac  
  110  6:58  Marine  
  110  7:01  SCV  
  118  7:03  SCV  
  118  7:06  Marine, SCV  
  121  7:10  Marine  
  121  7:12  Marine  
  123  7:16  SCV  
  123  7:19  Marine, Command Center  
  123  7:20  Refinery, Factory  
  123  7:22  Marine  
  122  7:23  Siege Tank  
  126  7:31  Barracks Reactor x2  
  126  7:32  Marine x2  
  126  7:34  Marine  
  130  7:37  SCV x2  
  130  7:38  Terran Infantry Weapons Level 2  
  130  7:40  Missile Turret  
  130  7:42  Missile Turret  
  131  7:46  Marine  
  131  7:47  Marine  
  131  7:50  Marine x2  
  135  7:53  Medivac x2  
  135  7:56  Marine  
  140  8:04  Marine  
  140  8:05  Supply Depot, Barracks  
  141  8:06  Supply Depot, Barracks, Factory Reactor  
  141  8:07  Drilling Claws  
  141  8:09  Barracks  
  141  8:22  Marine x2  
  141  8:23  Widow Mine  
  141  8:26  Marine x2  
  142  8:30  Marine x3  
  142  8:32  SCV x2  
  139  8:34  Marine  
  139  8:39  Marine  
  139  8:40  Marine  
  142  8:42  Marine  
  142  8:44  Marine x2  
  145  8:52  Marine x2  
  145  8:53  Widow Mine  
  145  8:54  Widow Mine x2  
  149  8:57  Barracks Tech Lab x3  
  149  8:58  Planetary Fortress  
  149  9:00  Marine x4  
  149  9:01  Supply Depot  
  149  9:02  Command Center  
  153  9:03  Supply Depot  
  134  9:14  Marine x3  
  134  9:16  Marine  
  126  9:17  Marine  
  126  9:18  Widow Mine x3, Medivac x2  
  126  9:19  Marauder  
  126  9:20  Marine, Marauder x2  
  126  9:23  Marine  
  144  9:27  Marine x2  
  146  9:31  Marine x2  
  146  9:35  SCV x2  
Show
View Real Time Build Order
Export as new Build Order

Scarlett Zerg 

Build Orders: Hatch First 

Get SALT Encoding   

  12  0:00  Drone  
  13  0:12  Overlord  
  13  0:17  Drone  
  14  0:30  Drone x2  
  16  0:46  Hatchery  
  15  0:52  Drone  
  15  0:54  Drone  
  17  0:57  Drone  
  18  1:08  Extractor  
  17  1:13  Spawning Pool  
  17  1:16  Drone  
  17  1:20  Drone  
  18  1:28  Drone  
  19  1:39  Drone  
  20  1:49  Drone  
  21  2:00  Queen x2  
  25  2:01  Zergling x2  
  25  2:02  Zergling x2  
  27  2:09  Drone  
  27  2:11  Overlord  
  28  2:21  Hatchery  
  27  2:30  Drone x2  
  27  2:33  Drone x2  
  30  2:40  Metabolic Boost  
  30  2:48  Queen  
  30  2:51  Overlord  
  32  2:52  Drone  
  32  2:55  Drone  
  34  2:59  Drone  
  35  3:07  Overlord  
  35  3:09  Drone  
  35  3:10  Drone x3  
  39  3:15  Queen  
  41  3:20  Overlord  
  41  3:23  Zergling x2  
  42  3:28  Queen  
  44  3:34  Drone x3  
  44  3:39  Drone  
  44  3:40  Drone x3  
  51  3:48  Queen  
  51  3:52  Queen  
  54  3:56  Drone x3  
  54  4:01  Overlord  
  54  4:02  Zergling x4  
  59  4:07  Queen  
  61  4:10  Overlord  
  61  4:17  Overlord x2  
  61  4:18  Drone  
  61  4:19  Drone  
  61  4:21  Drone x2  
  65  4:36  Zergling x2  
  65  4:37  Zergling x8  
  70  4:40  Drone x6  
  76  4:48  Overlord  
  76  4:51  Lair  
  76  4:54  Extractor, Baneling Nest, Drone  
  76  4:57  Overlord  
  75  5:01  Drone x6  
  75  5:05  Overlord  
  75  5:06  Queen  
  83  5:12  Spore Crawler  
  83  5:13  Spore Crawler  
  81  5:19  Overlord x2  
  83  5:24  Drone x9  
  83  5:26  Extractor x2  
  88  5:34  Hatchery  
  87  5:39  Overlord x4  
  87  5:50  Overlord  
  87  5:57  Centrifical Hooks  
  87  5:58  Drone x2  
  87  5:59  Evolution Chamber x2, Overlord x2  
  87  6:00  Zergling x2  
  88  6:09  Overlord x3  
  88  6:10  Zergling x6  
  91  6:16  Overlord  
  91  6:17  Zergling x8  
  95  6:20  Zergling x4  
  95  6:27  Zerg Melee Weapons Level 1, Zerg Ground Armor Level 1  
  86  6:33  Zergling x8  
  71  6:49  Drone x2  
  73  6:56  Drone x3  
  73  6:57  Drone  
  73  6:58  Drone  
  78  7:02  Drone  
  78  7:04  Drone x2  
  79  7:14  Drone x5  
  84  7:16  Drone x3  
  84  7:20  Drone x3  
  90  7:28  Zergling x2  
  91  7:32  Baneling x7  
  91  7:34  Zergling x2  
  91  7:35  Zergling x8  
  96  7:48  Drone  
  96  7:49  Zergling x18  
  106  8:00  Zergling x2  
  106  8:01  Zergling x10  
  106  8:04  Zergling x2  
  113  8:05  Baneling, Hatchery  
  113  8:06  Baneling x7  
  113  8:08  Zergling x2, Hatchery  
  107  8:24  Zergling x2  
  107  8:25  Zergling x12  
  102  8:30  Zergling x2  
  102  8:31  Zergling x4  
  102  8:33  Baneling x2  
  103  8:35  Zergling x2  
  103  8:36  Zergling x2, Baneling x2  
  103  8:38  Baneling x5  
  105  8:41  Drone  
  105  8:42  Zergling x6  
  105  8:47  Zergling x4  
  108  8:58  Zergling x2  
  108  8:59  Zergling x10  
  93  9:11  Zergling x12  
  93  9:14  Queen x3  
  100  9:17  Zergling x4  
  100  9:18  Baneling x2  
  100  9:20  Hatchery  
  100  9:24  Zergling x10  
  104  9:33  Zergling x8  
  104  9:35  Overlord x2  
  108  9:44  Spore Crawler  

Tags
 
Add a new tag
Caveats
  • Supply blocks, unpowered buildings, or Contaminate may cause inaccurate times.
  • Supply counts are checked every 10 seconds.